Map: Tokamak LE

Players

jeannysu

  • Race: Zerg Zerg
  • Spawn Location: 1:00

인공지능 칸 (정예) - Winner!

  • Race: Zerg Zerg
  • Spawn Location: 7:00

VOD

Have the link to the VOD?

Description

Time

  • Played on: Oct. 1, 2025, 10:23 a.m.
  • Length: 4:40
Show
View Real Time Build Order
Export as new Build Order

jeannysu Zerg 

Build Orders: Hatch First 

Get SALT Encoding   

  12  0:00  Drone  
  13  0:12  Overlord  
  13  0:16  Drone  
  14  0:31  Drone x2  
  16  0:49  Hatchery  
  15  0:51  Drone  
  15  0:55  Drone  
  17  0:58  Drone  
  18  1:10  Extractor  
  17  1:15  Spawning Pool  
  17  1:18  Drone  
  17  1:21  Drone  
  18  1:28  Drone  
  19  1:39  Drone  
  20  1:49  Overlord  
  20  2:01  Queen  
  20  2:02  Queen  
  20  2:03  Zergling x2  
  20  2:04  Zergling x2  
  26  2:15  Drone x2  
  28  2:23  Drone  
  28  2:24  Drone  
  30  2:43  Queen  
  32  2:44  Hatchery  
  32  2:47  Drone  
  32  2:49  Drone  
  33  2:52  Drone  
  33  2:54  Drone  
  35  3:05  Overlord  
  35  3:09  Overlord  
  35  3:17  Baneling Nest  
  34  3:20  Evolution Chamber  
  34  3:24  Drone  
  34  3:25  Drone x3  
  34  3:26  Drone  
  38  3:28  Drone  
  38  3:30  Drone  
  38  3:32  Drone  
  41  3:37  Zergling x4  
  43  3:47  Drone x2  
  45  3:55  Drone  
  45  3:56  Drone x3  
  45  3:57  Overlord  
  49  4:11  Zergling x2  
  49  4:12  Zergling x12  
  55  4:18  Baneling x2  
  55  4:22  Baneling  
Show
View Real Time Build Order
Export as new Build Order

인공지능 칸 (정예) Zerg - Winner!

Build Orders: Pool First 

Get SALT Encoding   

  12  0:00  Drone  
  13  0:12  Overlord  
  13  0:16  Drone  
  14  0:30  Drone  
  15  0:37  Spawning Pool  
  15  0:40  Drone  
  15  0:44  Drone  
  15  0:48  Drone  
  17  0:51  Extractor  
  17  0:55  Drone  
  17  1:06  Drone  
  18  1:17  Drone  
  19  1:24  Queen  
  21  1:27  Roach Warren  
  21  1:29  Drone  
  21  1:38  Zergling x2  
  22  1:49  Overlord  
  22  1:59  Overlord  
  22  2:11  Roach  
  24  2:21  Roach  
  26  2:28  Hatchery  
  25  2:31  Drone, Roach  
  25  2:32  Roach  
  30  2:37  Roach  
  30  2:44  Roach  
  34  2:54  Overlord  
  34  2:56  Metabolic Boost  
  33  3:02  Zergling x2  
  33  3:04  Zergling x2  
  35  3:06  Zergling x2  
  35  3:10  Zergling x2  
  37  3:17  Zergling x2  
  38  3:28  Zergling x2  
  39  3:35  Zergling x4, Drone  
  39  3:38  Baneling Nest  
  39  3:39  Zergling x2  
  42  4:00  Extractor  
  42  4:02  Drone  
  42  4:06  Drone  
  42  4:09  Drone  
  44  4:12  Drone  
  44  4:16  Zergling x2  
  46  4:20  Zergling x2  
Tags
 
Matchup
ZvZ
Race
Zerg
Replay Pack
새 폴더
Spawn Locations
Cross Positions
Add a new tag
Caveats
  • Supply blocks, unpowered buildings, or Contaminate may cause inaccurate times.
  • Supply counts are checked every 10 seconds.